Map: Lerilak Crest

Players

Enwrath

  • Race: Protoss Protoss
  • League: Platinum

grim - Winner!

  • Race: Terran Terran
  • League: Master

VOD

Have the link to the VOD?

Description

Time

  • Played on: Nov. 16, 2015, 11:36 a.m.
  • Length: 12:36
Show
View Real Time Build Order
Export as new Build Order

Enwrath Protoss 

Build Orders:  

Get SALT Encoding   

  12  0:01  Probe (Chrono Boost)  
  13  0:11  Probe (Chrono Boost)  
  14  0:20  Pylon  
  14  0:24  Probe (Chrono Boost)  
  15  0:38  Probe (Chrono Boost), Gateway  
  16  0:44  Assimilator  
  16  0:49  Probe (Chrono Boost)  
  17  0:53  Assimilator  
  17  0:59  Probe (Chrono Boost)  
  17  1:04  Pylon  
  18  1:10  Probe (Chrono Boost)  
  19  1:20  Probe (Chrono Boost)  
  20  1:27  Cybernetics Core  
  20  1:31  Probe (Chrono Boost)  
  21  1:41  Probe (Chrono Boost)  
  21  1:44  Gateway  
  22  1:56  Probe (Chrono Boost)  
  23  2:03  Adept (Chrono Boost)  
  23  2:07  Warp Gate  
  25  2:18  Mothership Core  
  27  2:27  Adept (Chrono Boost)  
  27  2:29  Pylon  
  29  2:35  Adept (Chrono Boost)  
  31  2:47  Probe  
  32  2:52  Adept (Chrono Boost)  
  34  3:02  Adept (Chrono Boost)  
  36  3:11  Nexus  
  36  3:18  Pylon  
  34  4:09  Probe  
  33  4:16  Robotics Facility  
  33  4:17  Sentry x2, Pylon  
  33  4:21  Probe  
  38  4:33  Probe  
  39  4:45  Probe  
  40  4:47  Probe  
  41  4:57  Mothership Core  
  41  4:58  Probe  
  41  4:59  Gateway  
  44  5:00  Gateway  
  44  5:02  Pylon  
  42  5:17  Sentry, Stalker  
  34  5:35  Probe  
  34  5:36  Probe  
  34  5:38  Immortal (Chrono Boost), Pylon  
  38  5:43  Stalker x2  
  38  5:48  Probe x2  
  44  5:56  Pylon  
  44  5:58  Assimilator  
  43  6:10  Stalker  
  43  6:11  Stalker  
  36  6:34  Stalker x2  
  36  6:36  Immortal (Chrono Boost)  
  36  6:37  Probe x2  
  48  6:49  Probe  
  47  6:56  Twilight Council  
  47  6:59  Pylon  
  47  7:00  Probe, Pylon  
  48  7:01  Probe  
  48  7:02  Gateway  
  48  7:04  Sentry x2  
  48  7:05  Stalker x2  
  57  7:12  Probe  
  57  7:13  Probe  
  59  7:22  Warp Prism (Chrono Boost)  
  61  7:24  Mothership Core  
  61  7:25  Probe  
  64  7:51  Nexus  
  64  7:54  Pylon  
  64  7:58  Pylon  
  64  8:09  Adept x3  
  64  8:10  Adept  
  64  8:12  Zealot  
  74  8:22  Probe x2  
  74  8:23  Observer (Chrono Boost)  
  74  8:26  Assimilator  
  77  8:29  Pylon  
  77  8:34  Probe x2  
  73  9:03  Forge  
  73  9:04  Probe x2  
  73  9:06  Pylon  
  73  9:08  Pylon  
  75  9:11  Zealot x3  
  75  9:16  Probe  
  75  9:17  Probe x2  
  84  9:27  Probe  
  84  9:28  Probe  
  84  9:29  Probe  
  82  9:36  Protoss Ground Weapons Level 1  
  82  9:37  Stalker x2  
  79  9:48  Adept x2  
  66  10:13  Stalker x2  
  66  10:14  Stalker  
  71  10:23  Stalker x2  
  71  10:45  Probe x2  
  63  10:57  Probe (Chrono Boost)  
  63  10:58  Mothership Core (Chrono Boost)  
  66  11:08  Probe (Chrono Boost)  
  67  11:16  Probe (Chrono Boost)  
  68  11:21  Probe (Chrono Boost)  
  68  11:24  Sentry  
  68  11:25  Sentry x2  
  75  11:27  Probe (Chrono Boost)  
  76  11:46  Probe x2 (Chrono Boost)  
  78  11:50  Photon Cannon  
  70  12:22  Stalker x3  
Show
View Real Time Build Order
Export as new Build Order

grim Terran - Winner!

Build Orders:  

Get SALT Encoding   

  12  0:00  SCV  
  13  0:12  SCV  
  14  0:21  Supply Depot  
  14  0:25  SCV  
  16  0:42  SCV  
  16  0:46  Barracks  
  16  0:47  Refinery  
  16  0:54  SCV  
  17  1:07  SCV  
  18  1:20  SCV  
  19  1:33  Barracks Reactor  
  19  1:34  Orbital Command  
  19  1:46  Command Center  
  19  1:57  Supply Depot  
  19  2:01  SCV  
  20  2:09  Marine x2  
  22  2:16  Factory  
  22  2:21  Refinery  
  22  2:23  SCV  
  22  2:27  Marine  
  22  2:29  Marine  
  25  2:35  SCV  
  26  2:41  Supply Depot  
  26  2:46  Marine  
  26  2:49  SCV  
  27  2:55  Bunker, Marine  
  28  3:00  Factory Tech Lab  
  28  3:06  Marine  
  28  3:11  SCV  
  30  3:13  Marine  
  31  3:23  Cyclone  
  33  3:37  Marine x2  
  34  3:49  SCV  
  34  3:50  Orbital Command  
  34  3:55  Marine x2  
  36  4:06  Cyclone  
  38  4:10  SCV  
  38  4:12  Marine  
  38  4:13  Marine  
  41  4:22  Starport  
  41  4:31  Marine  
  41  4:32  Marine  
  43  4:42  Cyclone  
  46  4:47  Engineering Bay  
  46  4:49  Marine  
  47  4:55  Marine  
  42  5:20  Marine x2  
  46  5:21  Viking, Siege Tank  
  46  5:22  Orbital Command  
  48  5:38  SCV  
  48  5:40  Marine x2  
  51  5:48  SCV  
  52  5:50  SCV  
  52  5:52  Supply Depot  
  52  5:55  Barracks  
  53  5:57  Marine  
  53  6:00  SCV, Marine  
  53  6:15  Marine  
  51  6:22  Siege Tank, Marine  
  51  6:25  SCV x2  
  46  6:33  Marine  
  46  6:36  Bunker  
  46  6:37  SCV x2  
  46  6:38  Barracks  
  48  6:40  Marine  
  48  6:41  Barracks  
  48  6:44  Medivac  
  51  6:48  Barracks Tech Lab  
  51  6:51  Marine  
  52  6:55  Bunker  
  52  6:56  Supply Depot  
  52  7:03  Marine  
  52  7:04  SCV  
  52  7:05  SCV  
  52  7:06  Terran Infantry Weapons Level 1  
  55  7:09  Siege Tank, Marine  
  55  7:13  Stimpack  
  59  7:16  SCV, Marine  
  59  7:18  SCV  
  59  7:21  Marine  
  63  7:25  Medivac  
  63  7:26  Marine  
  66  7:31  SCV x2  
  66  7:34  Supply Depot x2  
  66  7:35  Refinery  
  67  7:43  Marine  
  70  7:45  Barracks Tech Lab, Marine  
  70  7:46  Barracks Reactor  
  70  7:48  SCV  
  70  7:49  Supply Depot  
  70  7:56  SCV, Siege Tank  
  74  8:00  SCV  
  74  8:04  Missile Turret  
  75  8:08  SCV  
  75  8:10  Marine  
  75  8:11  Marine x3  
  81  8:12  SCV  
  81  8:13  Medivac  
  81  8:15  Combat Shields  
  83  8:20  Supply Depot, SCV  
  83  8:24  SCV  
  85  8:27  Supply Depot  
  85  8:28  Marine x2  
  85  8:31  Marauder x2, Marine  
  85  8:32  Marine  
  92  8:50  Marine x4  
  92  8:52  Marauder  
  98  8:57  Supply Depot x2  
  98  9:03  Siege Tank  
  98  9:05  Command Center  
  98  9:07  Marine  
  98  9:08  Marine  
  103  9:10  Marine x3  
  103  9:14  Concussive Shells  
  103  9:17  Marauder  
  107  9:25  Marine  
  107  9:26  Marine  
  109  9:38  Marauder  
  110  9:43  Marauder, Marine x3  
  115  9:46  Marine  
  111  9:59  Marauder  
  110  10:01  Marine  
  110  10:05  Marauder  
  113  10:12  Marine  
  114  10:15  SCV, Marine x2  
  114  10:17  Supply Depot x2  
  114  10:20  Siege Tank  
  114  10:21  Barracks, Marauder  
  122  10:26  Marauder  
  124  10:40  Marine x4  
  124  10:42  Marauder, Medivac  
  129  10:47  Marauder  
  131  10:52  Siege Tank  
  127  10:58  Marine x2  
  127  11:04  Marauder  
  131  11:14  Armory, Refinery  
  131  11:15  Marauder, Engineering Bay, Marine  
  134  11:18  Barracks Tech Lab  
  134  11:21  SCV  
  134  11:25  Marauder  
  137  11:27  Starport Reactor  
  137  11:39  Marine  
  142  11:40  Marauder x2  
  142  11:43  Orbital Command  
  142  11:45  Refinery  
  142  11:46  Refinery  
  142  11:53  Marauder, Marine x3  
  149  12:01  Marauder  
  149  12:08  Supply Depot x3  
Tags
 
Add a new tag
Caveats
  • Supply blocks, unpowered buildings, or Contaminate may cause inaccurate times.
  • Supply counts are checked every 10 seconds.